[Event "Early-Titled-Tuesday-Blitz-March-26-2024"]
[Site "Chess.com"]
[Date "2024.03.26"]
[Round "2"]
[White "kingofthenil"]
[Black "wild3000"]
[Result "1-0"]
[WhiteElo "2786"]
[BlackElo "2459"]
[TimeControl "180+1"]
[EndTime "8:15:35 PDT"]
[Termination "kingofthenil won by resignation"]

1. d4 Nf6 2. Bf4 b6 3. Nc3 Bb7 4. d5 e6 5. e4 Bb4 6. Qd4 c5 7. Qd3 exd5 8. e5 Ne4 9. a3 Bxc3+ 10. bxc3 Ba6 11. Qxd5 Bxf1 12. Kxf1 O-O 13. Qxa8 Nxc3 14. Ne2 Nxe2 15. Kxe2 Re8 16. Rhd1 Qh4 17. g3 Qxh2 18.
Rh1 1-0

[Event "Early-Titled-Tuesday-Blitz-March-26-2024"]
[Site "Chess.com"]
[Date "2024.03.26"]
[Round "2"]
[White "JG-17"]
[Black "LeRoidesChampions"]
[Result "0-1"]
[WhiteElo "2416"]
[BlackElo "2696"]
[TimeControl "180+1"]
[EndTime "8:15:41 PDT"]
[Termination "LeRoidesChampions won by resignation"]

1. e4 c5 2. Nf3 e6 3. d4 cxd4 4. Nxd4 a6 5. c4 Ne7 6. Nc3 Nbc6 7. Nc2 Ng6 8. Be3 Qc7 9. g3 h5 10. h4 Nge5 11. Be2 g6 12. f4 Ng4 13. Bxg4 hxg4 14. Qxg4 b6 15. e5 Bb7 16. Ne4 O-O-O 17. O-O-O Na5 18.
Nd6+ Bxd6 19. exd6 Qxc4 20. Bxb6 Qxa2 21. Bxa5 Qxa5 22.
Rhe1 Kb8 23. Qg5 Qa2 24. Re5 Rc8 25. Rc5 Rxc5 26. Qxc5 Rc8 27. Qb4 Rc4 28. Qa3 Qxa3 29. bxa3 Be4 30. Rd2 f5 31. Kb2 Rxc2+ 32. Rxc2 Bxc2 33.
Kxc2 Kb7 34. Kd3 Kc6 35. Ke3 Kxd6 36. Kf3 Ke7 37. g4 fxg4+ 38. Kxg4 Kf6 0-1

[Event "Early-Titled-Tuesday-Blitz-March-26-2024"]
[Site "Chess.com"]
[Date "2024.03.26"]
[Round "2"]
[White "Pedrada88"]
[Black "Zampronha1971"]
[Result "1-0"]
[WhiteElo "2539"]
[BlackElo "2349"]
[TimeControl "180+1"]
[EndTime "8:15:41 PDT"]
[Termination "Pedrada88 won by resignation"]

1. g3 Nf6 2. Bg2 e6 3. c4 d5 4.
b3 d4 5. Nf3 c5 6. O-O Nc6 7. e3 Be7 8. exd4 cxd4 9. d3 O-O 10.
a3 a5 11. Re1 Nd7 12. Nbd2 Nc5 13. Ne4 Nxe4 14. Rxe4 Bf6 15. h4 e5 16. Bg5 Bf5 17. Re2 Bg4 18. Qd2 Re8 19. Rae1 Qd7 20. Bxf6 gxf6 21. Qh6 Qf5 22. Nh2 Bxe2 23. Be4 Bxd3 24. Bxf5 Bxf5 25. Qxf6 Bc2 26. h5 Re6 27. Qg5+ Kh8 28.
Ng4 Rg8 29. Qh4 Bxb3 30. Nxe5 Nxe5 31. Rxe5 Rd6 32. Rd5 Rgd8 33. Qxd8+ 1-0

[Event "Early-Titled-Tuesday-Blitz-March-26-2024"]
[Site "Chess.com"]
[Date "2024.03.26"]
[Round "2"]
[White "m_ezat"]
[Black "MaiqMaster"]
[Result "1-0"]
[WhiteElo "2560"]
[BlackElo "2381"]
[TimeControl "180+1"]
[EndTime "8:15:50 PDT"]
[Termination "m_ezat won by resignation"]

1. d4 d5 2. c4 e6 3. Nc3 Nf6 4. cxd5 exd5 5. Bg5 Bb4 6. e3 h6 7. Bh4 g5 8. Bg3 Ne4 9. Qc2 h5 10. Bd3 Nxc3 11. bxc3 h4 12. Be5 f6 13. cxb4 fxe5 14. Bg6+ Kf8 15. Nf3 e4 16. Ne5 Qd6 17. Qb3 c6 18.
Bxe4 a5 19. Ng6+ Kg7 20. Nxh8 dxe4 21. Nf7 Qxb4+ 22. Qxb4 axb4 23. Nd6 Be6 24. Kd2 Bxa2 25. Rhb1 Nd7 26. Rxb4 Ra3 27. Nxe4 Bd5 28. Rxa3 1-0

[Event "Early-Titled-Tuesday-Blitz-March-26-2024"]
[Site "Chess.com"]
[Date "2024.03.26"]
[Round "2"]
[White "Resignify"]
[Black "a_kandil"]
[Result "0-1"]
[WhiteElo "2256"]
[BlackElo "2511"]
[TimeControl "180+1"]
[EndTime "8:15:50 PDT"]
[Termination "a_kandil won on time"]

1. e4 c5 2. Nc3 d6 3. g3 g6 4. Bg2 Bg7 5. d3 e5 6. f4 Ne7 7.
Nf3 Nbc6 8. O-O O-O 9. f5 gxf5 10. Nh4 fxe4 11. dxe4 Nd4 12. Nd5 Nxd5 13. exd5 f5 14. c3 Nb5 15. Qh5 Qf6 16. Be4 Qf7 17. Qxf7+ Rxf7 18. Nxf5 Bf8 19. Bg5 Nc7 20. c4 b5 21. b3 bxc4 22.
bxc4 Rb8 23. Rf2 Rb4 24. Rc1 Ba6 25. Bd3 Nxd5 26. Be4 Nc7 0-1

[Event "Early-Titled-Tuesday-Blitz-March-26-2024"]
[Site "Chess.com"]
[Date "2024.03.26"]
[Round "2"]
[White "NovoselovRoman"]
[Black "GHANDEEVAM2003"]
[Result "0-1"]
[WhiteElo "2551"]
[BlackElo "3066"]
[TimeControl "180+1"]
[EndTime "8:15:52 PDT"]
[Termination "GHANDEEVAM2003 won on time"]

1. e4 d6 2. Nc3 g6 3. d4 Bg7 4. Be3 Nc6 5. Qd2 a6 6. a4 Nf6 7. f3 O-O 8. Bc4 e5 9. Nge2 Na5 10.
Ba2 exd4 11. Nxd4 Nd7 12. O-O-O Ne5 13. Qe2 b5 14. axb5 axb5 15. Ndxb5 Bd7 16. h4 Qb8 17. h5 Bxb5 18. Nxb5 Nac6 19. Bd5 Ra1+ 20. Kd2 Ra5 21. Nc3 Qxb2 22. Nb1 Nb4 23. Bb3 c5 24.
hxg6 c4 25. gxh7+ Kh8 26. Bxc4 Qxc2+ 27. Ke1 Nxc4 0-1

[Event "Early-Titled-Tuesday-Blitz-March-26-2024"]
[Site "Chess.com"]
[Date "2024.03.26"]
[Round "2"]
[White "ljuks68"]
[Black "Defend1r"]
[Result "1-0"]
[WhiteElo "2424"]
[BlackElo "2657"]
[TimeControl "180+1"]
[EndTime "8:15:52 PDT"]
[Termination "ljuks68 won by resignation"]

1. e4 c5 2. Nf3 d6 3. d4 cxd4 4. Nxd4 Nf6 5. Nc3 a6 6. Bg5 e6 7. f4 Nbd7 8. Qf3 h6 9. Bh4 e5 10. Bxf6 Nxf6 11. fxe5 Bg4 12. Qg3 dxe5 13. Qxe5+ Be7 14.
h3 O-O 15. hxg4 Bd6 16. Qf5 Bg3+ 17. Ke2 Qxd4 18. Rd1 Qb6 19. Rd3 Bc7 20. g5 Qxb2 21.
gxf6 Qxc2+ 22. Kf3 Rfd8 23. Nd5 1-0

[Event "Early-Titled-Tuesday-Blitz-March-26-2024"]
[Site "Chess.com"]
[Date "2024.03.26"]
[Round "2"]
[White "jraosam"]
[Black "RichardShtivelband"]
[Result "0-1"]
[WhiteElo "2004"]
[BlackElo "2459"]
[TimeControl "180+1"]
[EndTime "8:15:52 PDT"]
[Termination "RichardShtivelband won by resignation"]

1. d4 Nf6 2. c4 e6 3. Nf3 c5 4. e3 cxd4 5. Nxd4 Be7 6. Nc3 O-O 7. Be2 Nc6 8. O-O a6 9. b3 Qc7 10. Bb2 Rd8 11. Nxc6 bxc6 12. g3 d5 13. Qc2 Bb7 14. Rac1 Rac8 15. Na4 c5 16. Rfd1 d4 17. exd4 cxd4 18.
Bxd4 Qc6 19. f3 Ng4 20. Qc3 e5 21. Bf2 Nxf2 22. Kxf2 e4 23. Rxd8+ Rxd8 24. Rd1 Rxd1 25. Bxd1 Bf6 26. Qe3 Qd7 27. Be2 Bd4 28. Nc5 Bxe3+ 29. Kxe3 Qc7 30. Nxb7 Qxb7 31. fxe4 Qb6+ 32. Kd3 Qf2 33. b4 Qxh2 34. c5 Qxg3+ 35. Kd4 Qf2+ 36. Kd3 Kf8 37. a4 Ke7 38. Kd2 Ke6 39. Kd1 Qd4+ 40. Kc2 Qxb4 0-1

[Event "Early-Titled-Tuesday-Blitz-March-26-2024"]
[Site "Chess.com"]
[Date "2024.03.26"]
[Round "2"]
[White "JiaHaoxiang"]
[Black "martabartel"]
[Result "0-1"]
[WhiteElo "2581"]
[BlackElo "2215"]
[TimeControl "180+1"]
[EndTime "8:15:55 PDT"]
[Termination "martabartel won by resignation"]

1. d4 Nf6 2. Bf4 g6 3. e3 Bg7 4. Nf3 O-O 5. Nbd2 d5 6. Bd3 c5 7. c3 b6 8. Ne5 Nfd7 9. h4 Nxe5 10. dxe5 h5 11. c4 Bb7 12. O-O Nc6 13. cxd5 Nxe5 14. Bxe5 Bxe5 15. e4 Bxb2 16. Rb1 Bg7 17. Nc4 Ba6 18. Qa4 Bxc4 19. Bxc4 Qd6 20. f4 Qf6 21. e5 Qxh4 22. Rbd1 g5 23. Bd3 Bxe5 24. Qe4 Bd4+ 0-1

[Event "Early-Titled-Tuesday-Blitz-March-26-2024"]
[Site "Chess.com"]
[Date "2024.03.26"]
[Round "2"]
[White "wonderfultime"]
[Black "ChristianArca"]
[Result "1-0"]
[WhiteElo "3007"]
[BlackElo "2668"]
[TimeControl "180+1"]
[EndTime "8:15:58 PDT"]
[Termination "wonderfultime won by resignation"]

1. d4 d5 2. Nf3 Nf6 3. Bf4 c5 4. c3 Nc6 5. e3 Qb6 6. Qc2 cxd4 7.
exd4 Bg4 8. Nbd2 Rc8 9. Bd3 e6 10. O-O Be7 11. Rae1 O-O 12. Qb1 Bh5 13. Ne5 Bg6 14.
Nxg6 hxg6 15. Nf3 Qd8 16. Re2 Bd6 17. Bg5 Be7 18. Rfe1 a6 19. h4 Nh5 20. g3 Nf6 21. Kg2 b5 22. a3 Rb8 23. Rh1 Rb7 24. Bxf6 Bxf6 25. h5 gxh5 26. Bh7+ Kh8 27. Rxh5 g6 28.
Bxg6+ Kg7 29. Rh7+ Kg8 30. Qh1 Bg7 31. Rh8+ 1-0

[Event "Early-Titled-Tuesday-Blitz-March-26-2024"]
[Site "Chess.com"]
[Date "2024.03.26"]
[Round "2"]
[White "lucasran"]
[Black "TigrVShlyape"]
[Result "0-1"]
[WhiteElo "2603"]
[BlackElo "2904"]
[TimeControl "180+1"]
[EndTime "8:15:58 PDT"]
[Termination "TigrVShlyape won by resignation"]

1. Nf3 Nf6 2. c4 c6 3. Nc3 d5 4. e3 a6 5. d4 Bf5 6. Bd3 Bg6 7. O-O e6 8. b3 Nbd7 9. Bb2 Bd6 10. Qc2 b5 11. a4 b4 12. Ne2 a5 13. Ne5 Qc7 14.
Nxd7 Kxd7 15. h3 Rhc8 16. c5 Be7 17. Bxg6 hxg6 18. Ng3 Rh8 19. e4 dxe4 20. Nxe4 Nd5 21. Rad1 Kc8 22. Bc1 Kb7 23. Bg5 f6 24. Be3 f5 25.
Ng5 Nxe3 26. Nxe6 Nxc2 27. Nxc7 Kxc7 28. Rd2 Na3 29. Re1 Bf6 30. d5 cxd5 31. Rxd5 Rad8 0-1

[Event "Early-Titled-Tuesday-Blitz-March-26-2024"]
[Site "Chess.com"]
[Date "2024.03.26"]
[Round "2"]
[White "Sattarov_Bobur"]
[Black "PolandHussars"]
[Result "1-0"]
[WhiteElo "2832"]
[BlackElo "2564"]
[TimeControl "180+1"]
[EndTime "8:15:59 PDT"]
[Termination "Sattarov_Bobur won by checkmate"]

1. e4 e5 2. Nf3 Nc6 3. Bc4 g6 4. d4 exd4 5. Bg5 Be7 6. Bxe7 Qxe7 7. O-O Qc5 8. Bb3 d6 9. c3 dxc3 10. Nxc3 Bg4 11. Nd5 Rc8 12. Rc1 Qa5 13. h3 Bxf3 14. Qxf3 Ne5 15. Qg3 c6 16. f4 Nd7 17. f5 Qd8 18.
fxg6 hxg6 19. Rxf7 Kxf7 20. Nf4+ d5 21. Qxg6+ Ke7 22.
exd5 Ngf6 23. dxc6 Rxc6 24. Re1+ Kd6 25. Ne6 Qb6+ 26.
Kh1 Rc5 27. Rd1+ Rd5 28. Bxd5 Nxd5 29. Nf4+ Ke5 30. Rxd5+ Kxf4 31. Qg5+ Ke4 32. Qf5+ Ke3 33. Rd3+ Ke2 34. Qf3+ Ke1 35. Rd1# 1-0

[Event "Early-Titled-Tuesday-Blitz-March-26-2024"]
[Site "Chess.com"]
[Date "2024.03.26"]
[Round "2"]
[White "Viktor_Poddubnyi"]
[Black "zubridis"]
[Result "0-1"]
[WhiteElo "2331"]
[BlackElo "2536"]
[TimeControl "180+1"]
[EndTime "8:16:00 PDT"]
[Termination "zubridis won by checkmate"]

1. e4 c5 2. Nf3 e6 3. g3 Nc6 4. Bg2 Nf6 5. e5 Ng4 6. b4 cxb4 7. d4 d6 8. h3 Nh6 9. O-O dxe5 10. Nxe5 Nxe5 11. dxe5 Qxd1 12. Rxd1 Nf5 13. a3 bxa3 14. Nxa3 Bc5 15. g4 Nh4 16. Be4 Ng6 17. Bb2 Nf4 18. Kh2 h5 19. Nb5 Ke7 20. Kg3 g5 21. Nd6 hxg4 22.
Kxg4 Bxf2 23. Ba3 Rh4+ 24. Kxg5 Nxh3# 0-1

[Event "Early-Titled-Tuesday-Blitz-March-26-2024"]
[Site "Chess.com"]
[Date "2024.03.26"]
[Round "2"]
[White "NikitaShnadrygin"]
[Black "FormerProdigy"]
[Result "0-1"]
[WhiteElo "2646"]
[BlackElo "2971"]
[TimeControl "180+1"]
[EndTime "8:16:03 PDT"]
[Termination "FormerProdigy won by resignation"]

1. e4 c6 2. d4 d5 3. f3 e6 4. Nc3 Bb4 5. Bf4 Nf6 6. e5 Nfd7 7. a3 Be7 8. Qd2 c5 9. Nb5 Nc6 10. dxc5 Ndxe5 11. Qe3 f6 12. O-O-O O-O 13. c4 a6 14. Nd6 d4 15. Rxd4 Nxd4 16. Qxd4 b6 17. Bxe5 bxc5 18. Qe4 fxe5 19. Qxa8 Qxd6 20. Qe4 Bg5+ 21. Kc2 Qd2+ 22. Kb1 Qd1+ 0-1

[Event "Early-Titled-Tuesday-Blitz-March-26-2024"]
[Site "Chess.com"]
[Date "2024.03.26"]
[Round "2"]
[White "venturov"]
[Black "Roosters19"]
[Result "1-0"]
[WhiteElo "2526"]
[BlackElo "2300"]
[TimeControl "180+1"]
[EndTime "8:16:04 PDT"]
[Termination "venturov won by resignation"]

1. e4 c5 2. Nf3 Nc6 3. g3 g6 4. Bg2 Bg7 5. O-O Nf6 6. Re1 O-O 7.
d3 d6 8. h3 h6 9. d4 cxd4 10.
Nxd4 Bd7 11. Nc3 Rc8 12. Be3 a6 13. Qd2 b5 14. Nxc6 Bxc6 15. Bxh6 b4 16. Bxg7 Kxg7 17.
Nd5 Bxd5 18. exd5 a5 19. a3 Rc5 20. axb4 axb4 21. Qxb4 Rxc2 22. Ra7 Re8 23. g4 Rc7 24. Ra3 Qb8 25. Qd4 Kg8 26. Rae3 Rb7 27. Qxf6 1-0

[Event "Early-Titled-Tuesday-Blitz-March-26-2024"]
[Site "Chess.com"]
[Date "2024.03.26"]
[Round "2"]
[White "ContrVersia"]
[Black "Bykov_Egor"]
[Result "0-1"]
[WhiteElo "2913"]
[BlackElo "2642"]
[TimeControl "180+1"]
[EndTime "8:16:07 PDT"]
[Termination "Bykov_Egor won by resignation"]

1. Nf3 Nf6 2. c4 g6 3. g3 Bg7 4. Bg2 O-O 5. O-O d6 6. d4 Nc6 7.
Nc3 a6 8. d5 Na5 9. b3 c5 10.
dxc6 Nxc6 11. Bb2 Bg4 12. Qc1 Rc8 13. Rd1 Qa5 14. Nd5 Nxd5 15. Rxd5 Qc7 16. Bxg7 Kxg7 17. Qb2+ f6 18. Rc1 Bxf3 19. Bxf3 Ne5 20. Bg2 b5 21. c5 dxc5 22. Qa3 c4 23. Qxa6 c3 24. Qxb5 Qa7 25.
Qb4 Qxa2 26. Qxe7+ Rf7 27. Qe6 Rc6 28. Rd6 Rxd6 29.
Qxd6 Qxe2 30. Qc5 Nd3 31. Qxc3 Qxf2+ 32. Kh1 Nxc1 33. Qxc1 Re7 34. Bf1 Re1 35. Qc7+ Kh6 0-1

[Event "Early-Titled-Tuesday-Blitz-March-26-2024"]
[Site "Chess.com"]
[Date "2024.03.26"]
[Round "2"]
[White "ViIIagra"]
[Black "CADMartin"]
[Result "0-1"]
[WhiteElo "2875"]
[BlackElo "2470"]
[TimeControl "180+1"]
[EndTime "8:16:08 PDT"]
[Termination "CADMartin won by resignation"]

1. b3 e5 2. g3 d5 3. Bg2 Nf6 4. Bb2 Bd6 5. e3 O-O 6. d3 c5 7. Ne2 Nc6 8. O-O Re8 9. Nd2 Bf5 10. e4 Be6 11. c4 d4 12. f4 Ng4 13. f5 Ne3 14.
Qc1 Nxf1 15. Nxf1 Bd7 16. g4 Be7 17. Kh1 Bg5 18. Qd1 a6 19. Ng1 Bf4 20. Nf3 b5 21. Ng3 Bxg3 22. hxg3 g5 23. Rc1 b4 24. Kg1 a5 25. Kf2 f6 26. Qh1 a4 27. Rc2 Qe7 28. Bf1 axb3 29. axb3 Na5 30. Nd2 Nc6 31. Be2 Ra2 32.
Qb1 Rea8 33. Nf3 Be8 34. Bd1 Qg7 35. Kg2 h5 36. Nh2 Qh6 37. Kg1 h4 38. gxh4 gxh4 39. Bc1 Ra1 40. Qxa1 Rxa1 41. Bxh6 Rxd1+ 42. Kg2 Rxd3 43. Ra2 Rxb3 44. Ra8 Kf7 45. g5 fxg5 46. Nf3 g4 47.
Ng5+ Ke7 48. Bg7 Rb2+ 49. Kg1 d3 50. f6+ Kd7 51. Kf1 Rb1+ 52. Kf2 d2 0-1

[Event "Early-Titled-Tuesday-Blitz-March-26-2024"]
[Site "Chess.com"]
[Date "2024.03.26"]
[Round "2"]
[White "chess123456s"]
[Black "GMJustin"]
[Result "1-0"]
[WhiteElo "2554"]
[BlackElo "2368"]
[TimeControl "180+1"]
[EndTime "8:16:08 PDT"]
[Termination "chess123456s won on time"]

1. d4 Nf6 2. Nc3 Nc6 3. e4 d5 4. e5 Ne4 5. Nxe4 dxe4 6. Bb5 Bd7 7. c4 e6 8. Ne2 a6 9. Bxc6 Bxc6 10. Nc3 Bb4 11.
O-O Bxc3 12. bxc3 O-O 13. Qg4 Kh8 14. Be3 f5 15. exf6 Qxf6 16. Qg3 Rf7 17. Rfd1 Raf8 18. d5 exd5 19. cxd5 Bb5 20. Rd4 Bd3 21. Rd1 h6 22. d6 c5 23. Rd5 b6 24. d7 Rd8 25.
Qc7 Kh7 26. h3 Qe7 27. Qxb6 Rxd7 28. Rxd7 Qxd7 29. Qxc5 Rf5 30. Qd4 Qxd4 31. Bxd4 Ra5 32. Rd2 Ra3 33. Rb2 Bc4 34. Rb7 1-0

[Event "Early-Titled-Tuesday-Blitz-March-26-2024"]
[Site "Chess.com"]
[Date "2024.03.26"]
[Round "2"]
[White "RandomNoob04"]
[Black "DmitriiZakurdaev"]
[Result "1-0"]
[WhiteElo "2633"]
[BlackElo "2398"]
[TimeControl "180+1"]
[EndTime "8:16:09 PDT"]
[Termination "RandomNoob04 won on time"]

1. e4 c6 2. d4 d5 3. Nc3 dxe4 4. Nxe4 Nf6 5. Ng5 e6 6. N1f3 Bd6 7. Bd3 h6 8. Nxf7 Kxf7 9. O-O Rf8 10. Ne5+ Kg8 11. Qf3 Nbd7 12. Re1 Qc7 13. Qg3 Nh5 14. Qg6 Bxe5 15.
dxe5 Nxe5 16. Qxh5 Nxd3 17. cxd3 Qb6 18. Re2 Bd7 19.
Bxh6 gxh6 20. Qg6+ Kh8 21. Qxh6+ Kg8 22. Qg6+ Kh8 23.
Re3 e5 24. Qh6+ Kg8 25. Qg6+ Kh8 26. Rf1 Bf5 27. Qh6+ Kg8 28. Rg3+ Kf7 29. Rg7+ Ke8 30. Qd6 Qd8 31. Qxe5+ 1-0

[Event "Early-Titled-Tuesday-Blitz-March-26-2024"]
[Site "Chess.com"]
[Date "2024.03.26"]
[Round "2"]
[White "pfalcon1949"]
[Black "PapaieDudu"]
[Result "1-0"]
[WhiteElo "2057"]
[BlackElo "2446"]
[TimeControl "180+1"]
[EndTime "8:16:13 PDT"]
[Termination "pfalcon1949 won by resignation"]

1. e4 c5 2. Nf3 d6 3. d4 cxd4 4. Nxd4 Nf6 5. Nc3 a6 6. h3 b5 7. a4 b4 8. Nd5 e6 9. Nxf6+ Qxf6 10. Be2 Bb7 11. Qd3 Nd7 12. Bf3 Be7 13. O-O O-O 14. b3 Rfd8 15. Bb2 e5 16. Nf5 Bf8 17. Rad1 Nc5 18. Qe2 d5 19. Ng3 d4 20. Nh5 Ne6 21.
Nxf6+ gxf6 22. Bg4 Nf4 23. Qf3 Bg7 24. Bf5 Kh8 25. g3 Nxh3+ 26. Bxh3 Rg8 27. Kg2 Bh6 28. Rh1 Rg6 29. Bf5 Kg7 30. Bxg6 hxg6 31. Bc1 Bxc1 32.
Rxc1 f5 33. Rh4 g5 34. Qxf5 gxh4 35. Rh1 Rh8 36. Qg5+ Kf8 37. Rxh4 Rxh4 38. Qxh4 Ke8 39. Qh8+ Kd7 40. Qxe5 a5 41. Qxd4+ Kc7 42. Qc5+ Kd7 43. f3 f5 44. Qxa5 fxe4 45. fxe4 Bxe4+ 46. Kf2 Bxc2 47. Qxb4 1-0

[Event "Early-Titled-Tuesday-Blitz-March-26-2024"]
[Site "Chess.com"]
[Date "2024.03.26"]
[Round "2"]
[White "MarcoRiehle"]
[Black "DucksParadise"]
[Result "1/2-1/2"]
[WhiteElo "2798"]
[BlackElo "2493"]
[TimeControl "180+1"]
[EndTime "8:16:14 PDT"]
[Termination "Game drawn by repetition"]

1. e4 d5 2. exd5 Qxd5 3. Nc3 Qd6 4. d4 Nf6 5. Nf3 Nc6 6. Nb5 Qd8 7. Bf4 Nd5 8. Bg3 a6 9. Nc3 Bg4 10. Be2 e6 11. Nxd5 Qxd5 12. c3 Bd6 13. O-O Bxg3 14. hxg3 O-O 15. Ne5 Nxe5 16. Bxg4 Nxg4 17. Qxg4 c5 18.
Rfd1 cxd4 19. Rxd4 Qa5 20. a4 Rfd8 21. Rad1 Rxd4 22.
Qxd4 g6 23. Qc4 Rd8 24. Rxd8+ Qxd8 25. Kh2 Qd1 26. f3 Kg7 27. a5 Qd5 28. Qxd5 exd5 29. Kg1 Kf6 30. Kf2 Ke5 31. Ke3 h5 32. f4+ Kd6 33.
Kd4 f6 34. b3 Kc6 35. c4 dxc4 36. Kxc4 Kd6 37. Kd4 Kc6 38. Kc4 Kd6 39. b4 Kc6 40. Kd4 Kb5 41. Kc3 b6 42. axb6 Kxb6 43. Kd4 Kb5 44. Kc3 Kb6 45. Kc4 Kc6 46. Kd4 Kb5 47. Kc3 Kb6 1/2-1/2

[Event "Early-Titled-Tuesday-Blitz-March-26-2024"]
[Site "Chess.com"]
[Date "2024.03.26"]
[Round "2"]
[White "Christ_is_alive"]
[Black "szachuspl"]
[Result "0-1"]
[WhiteElo "2331"]
[BlackElo "2538"]
[TimeControl "180+1"]
[EndTime "8:16:15 PDT"]
[Termination "szachuspl won on time"]

1. e4 d5 2. exd5 Nf6 3. Bb5+ Nbd7 4. Nf3 a6 5. Be2 Nb6 6. d4 Nbxd5 7. c4 Nb6 8. Nc3 Bf5 9. O-O e6 10. a4 a5 11. b3 Bb4 12. Na2 Be7 13. Be3 O-O 14. Nc3 Bb4 15. Na2 Be7 16. Nc3 Ne4 17. Nxe4 Bxe4 18.
Ne5 f6 19. Nf3 Bb4 20. Bd3 Bxd3 21. Qxd3 e5 22. c5 Bxc5 23. b4 Bxb4 24. Rac1 exd4 25.
Nxd4 c5 26. Qb3+ Qd5 27. Qxd5+ Nxd5 28. Ne6 Nxe3 29. fxe3 Rfc8 30. Rc4 Ra6 31. Nf4 Rd6 32. Nh5 Re8 33. Rg4 Kh8 34. Rxg7 Rd5 35. Nxf6 Kxg7 36. Nxe8+ Kg6 37. Nc7 Rd2 38. h4 h5 0-1

[Event "Early-Titled-Tuesday-Blitz-March-26-2024"]
[Site "Chess.com"]
[Date "2024.03.26"]
[Round "2"]
[White "subham777"]
[Black "aljado"]
[Result "0-1"]
[WhiteElo "2565"]
[BlackElo "2165"]
[TimeControl "180+1"]
[EndTime "8:16:16 PDT"]
[Termination "aljado won by resignation"]

1. e4 c5 2. Nf3 e6 3. g3 Nc6 4. Bg2 Nf6 5. d3 d5 6. exd5 exd5 7. O-O Be7 8. c3 O-O 9. d4 Bg4 10. h3 Bh5 11. g4 Bg6 12. Ne5 cxd4 13. cxd4 Bd6 14.
Nc3 Nxe5 15. dxe5 Bxe5 16. Nxd5 Nxd5 17. Bxd5 Qh4 18. Bg2 Rfd8 19. Qb3 Rd3 20. Qxb7 Rb8 21. Qxa7 Rxh3 22. Bg5 Rh1+ 23. Bxh1 0-1

[Event "Early-Titled-Tuesday-Blitz-March-26-2024"]
[Site "Chess.com"]
[Date "2024.03.26"]
[Round "2"]
[White "Angry_Twin"]
[Black "Zavgorodniy_Sergiy"]
[Result "1-0"]
[WhiteElo "2917"]
[BlackElo "2617"]
[TimeControl "180+1"]
[EndTime "8:16:17 PDT"]
[Termination "Angry_Twin won by resignation"]

1. e4 c6 2. Nf3 d5 3. d3 Qc7 4. exd5 cxd5 5. c4 Nf6 6. Nc3 dxc4 7. dxc4 a6 8. g3 Nc6 9. Bg2 e6 10. O-O Be7 11. a3 O-O 12. b4 Rd8 13. Qe2 e5 14. Bg5 Bg4 15. Bxf6 Bxf6 16. Nd5 Qd6 17. Qe4 Bh5 18. Nh4 Bg6 19. Nxg6 hxg6 20. c5 Qf8 21. Rad1 Rab8 22. Rfe1 Nd4 23. f4 Re8 24. Kh1 exf4 25. Nxf6+ gxf6 26. Qxd4 fxg3 27. hxg3 Qh6+ 28. Kg1 Red8 29.
Qxf6 Rxd1 30. Rxd1 Qe3+ 31. Qf2 Qxa3 32. Rd7 Rf8 33. Bd5 Qxb4 34. Bxf7+ Kg7 35. Bd5+ 1-0

[Event "Early-Titled-Tuesday-Blitz-March-26-2024"]
[Site "Chess.com"]
[Date "2024.03.26"]
[Round "2"]
[White "BeautiFullMindChess"]
[Black "Logman74"]
[Result "1-0"]
[WhiteElo "2307"]
[BlackElo "2504"]
[TimeControl "180+1"]
[EndTime "8:16:18 PDT"]
[Termination "BeautiFullMindChess won by checkmate"]

1. e4 c5 2. Nf3 d6 3. Bc4 e6 4. d3 Nf6 5. Bb3 Be7 6. O-O O-O 7. c3 Nc6 8. Re1 b5 9. d4 cxd4 10. cxd4 d5 11. e5 Nd7 12. Nc3 b4 13. Ne2 Nb6 14.
Ng3 Nc4 15. Nh5 g6 16. Ng3 f5 17. exf6 Bxf6 18. Bh6 Rf7 19. Qe2 Nxd4 20. Nxd4 Bxd4 21. Bxc4 Rxf2 22. Qxf2 Bxf2+ 23. Kxf2 dxc4 24. Rad1 Qc7 25. Ne4 Bb7 26. Nf6+ Kh8 27. Rd7 Qc5+ 28. Kg3 Rg8 29.
Rxh7# 1-0

[Event "Early-Titled-Tuesday-Blitz-March-26-2024"]
[Site "Chess.com"]
[Date "2024.03.26"]
[Round "2"]
[White "SuperJesus88"]
[Black "Blackwhite017"]
[Result "1-0"]
[WhiteElo "2470"]
[BlackElo "2092"]
[TimeControl "180+1"]
[EndTime "8:16:18 PDT"]
[Termination "SuperJesus88 won on time"]

1. e4 c5 2. Nf3 Nc6 3. d4 cxd4 4. Nxd4 g6 5. Ne2 Bg7 6. Nbc3 Nf6 7. g3 O-O 8. Bg2 d6 9. O-O Bd7 10. h3 Rc8 11. Be3 Na5 12. b3 Nc6 13. a3 Ne8 14. Qd2 Nc7 15. Rac1 f5 16. exf5 Bxf5 17. Nd5 Qd7 18.
Kh2 h5 19. c4 Ne5 20. Nef4 Kh7 21. Nxc7 Rxc7 22. Nd5 Rc6 23. Bg5 e6 24. Ne7 Rc5 25.
Nxf5 Rxf5 26. f4 Nf7 27. Bh4 Nd8 28. Be4 Rf7 29. b4 Rc8 30. Qd3 Rf5 31. g4 hxg4 32. hxg4 1-0

[Event "Early-Titled-Tuesday-Blitz-March-26-2024"]
[Site "Chess.com"]
[Date "2024.03.26"]
[Round "2"]
[White "Hikaru"]
[Black "aa175"]
[Result "1-0"]
[WhiteElo "3274"]
[BlackElo "2725"]
[TimeControl "180+1"]
[EndTime "8:16:24 PDT"]
[Termination "Hikaru won by resignation"]

1. Nf3 d5 2. e3 Nf6 3. c4 e6 4. b3 c5 5. cxd5 exd5 6. Bb2 Nc6 7. Be2 d4 8. Bb5 Bd6 9. Na3 O-O 10. Nc4 Nb4 11.
Nxd6 Qxd6 12. a3 Nc6 13. O-O Bg4 14. Bxc6 Qxc6 15. Ne5 Bxd1 16. Nxc6 Bxb3 17. Ne7+ Kh8 18. exd4 Rfe8 19. Nf5 c4 20. d5 Nxd5 21. Bxg7+ Kg8 22.
Bc3 Re2 23. Nd4 Nxc3 24. dxc3 Rd2 25. Rfe1 Rd8 26. h4 h5 27. Re3 a5 28. a4 Rd5 29.
Ra3 Bd1 30. f3 Kg7 31. Kf1 Kg6 32. Ke1 Rxg2 33. Kxd1 Rh2 34. Re2 Rh1+ 35. Kd2 Rxh4 36. Ra1 Rh3 37. Rg1+ Kf6 38. Kc2 h4 39. Rb1 Rd7 40. f4 Rg3 41. Rb6+ Kg7 42. Nf5+ 1-0

[Event "Early-Titled-Tuesday-Blitz-March-26-2024"]
[Site "Chess.com"]
[Date "2024.03.26"]
[Round "2"]
[White "ninguno46"]
[Black "BallottiLuca"]
[Result "1-0"]
[WhiteElo "2554"]
[BlackElo "2363"]
[TimeControl "180+1"]
[EndTime "8:16:29 PDT"]
[Termination "ninguno46 won by resignation"]

1. e4 c6 2. d4 d5 3. exd5 cxd5 4. Bd3 Nf6 5. c3 Bg4 6. Qb3 Qc7 7. h3 Bd7 8. Nf3 e6 9. O-O Bd6 10. Ne5 O-O 11. f4 Bc6 12. Nd2 Nbd7 13. Ndf3 Ne4 14. Be3 f6 15. Nxd7 Qxd7 16. Nd2 Nxd2 17. Bxd2 b5 18.
Qc2 g6 19. Rae1 Rae8 20. b4 Kg7 21. Qd1 a5 22. a3 Ra8 23. Qg4 f5 24. Qe2 Kf7 25. Ra1 Ra7 26. a4 axb4 27. axb5 Rxa1 28. Rxa1 Ra8 29. Rxa8 Bxa8 30. cxb4 Qa7 31. Qe3 Bb7 32. g4 Qa3 33. gxf5 gxf5 34. Qf3 Kg6 35. Bxf5+ 1-0

[Event "Early-Titled-Tuesday-Blitz-March-26-2024"]
[Site "Chess.com"]
[Date "2024.03.26"]
[Round "2"]
[White "Davidalhesa2007"]
[Black "NastyaHn"]
[Result "0-1"]
[WhiteElo "1866"]
[BlackElo "2453"]
[TimeControl "180+1"]
[EndTime "8:16:32 PDT"]
[Termination "NastyaHn won by checkmate"]

1. d4 d5 2. Nc3 e6 3. Bf4 Nf6 4. Nb5 Na6 5. e3 Be7 6. Bd3 c6 7. Nc3 Nb4 8. a3 Nxd3+ 9. cxd3 O-O 10. Nf3 b6 11. O-O Bb7 12. e4 c5 13. e5 Nd7 14. dxc5 bxc5 15. d4 Rc8 16. Qd2 cxd4 17. Qxd4 Rc4 18. Qd2 Nc5 19. Rab1 Nb3 20. Qd1 Rxf4 21.
Qxb3 Ba8 22. Rfe1 Bc5 23. Qd1 d4 24. Na4 Bb6 25. Nxb6 axb6 26. Qd2 Rxf3 27. gxf3 Bxf3 28. b4 Qh4 29. Qd3 Qg4+ 30. Kf1 Qg2# 0-1